Map: Catalyseur EC

Players

Hriak

  • Race: Zerg Zerg
  • League: Diamond
  • Spawn Location: 5:00

HoldTheDoor - Winner!

  • Race: Protoss Protoss
  • League: Diamond
  • Spawn Location: 11:00

VOD

Have the link to the VOD?

Description

Time

  • Played on: July 11, 2018, 9:10 a.m.
  • Length: 9:49
Show
View Real Time Build Order
Export as new Build Order

Hriak Zerg 

Build Orders: Pool First 

Get SALT Encoding   

  12  0:01  Drone  
  13  0:13  Overlord  
  13  0:17  Drone  
  14  0:31  Drone x2  
  14  0:35  Drone  
  17  0:45  Spawning Pool  
  17  0:48  Drone  
  18  0:57  Drone  
  18  1:13  Hatchery  
  18  1:16  Extractor  
  16  1:32  Zergling x6  
  19  1:38  Queen  
  21  1:44  Overlord  
  21  1:56  Drone  
  22  2:07  Drone  
  23  2:17  Queen  
  23  2:20  Drone  
  26  2:34  Drone x2  
  27  2:46  Drone x2  
  29  2:52  Queen  
  29  2:53  Drone  
  29  2:54  Drone x3  
  35  3:10  Roach Warren  
  34  3:17  Drone x2  
  34  3:19  Overlord x2  
  36  3:20  Overlord  
  36  3:25  Extractor  
  35  3:36  Metabolic Boost  
  35  3:52  Drone  
  35  3:53  Drone x9  
  45  3:57  Lair  
  45  4:09  Hatchery  
  44  4:18  Drone x3  
  44  4:20  Drone x2  
  49  4:27  Extractor  
  49  4:29  Extractor  
  47  4:33  Drone x3  
  47  4:34  Drone  
  47  4:35  Evolution Chamber, Drone  
  47  4:36  Evolution Chamber  
  50  4:41  Drone  
  50  4:44  Drone  
  52  4:58  Roach x4  
  60  5:08  Overlord x3  
  57  5:29  Drone  
  57  5:30  Drone x2  
  60  5:38  Hydralisk Den  
  59  5:42  Zerg Missile Weapons Level 1  
  59  5:43  Zerg Ground Armor Level 1  
  59  5:44  Glial Reconstitution  
  59  5:50  Overseer  
  59  5:53  Pneumatized Carapace  
  59  5:59  Drone x9  
  59  6:00  Drone  
  69  6:22  Roach x9  
  87  6:36  Hydralisk, Grooved Spines  
  87  6:39  Overlord x5  
  89  6:40  Overlord x2  
  87  6:54  Roach x2  
  73  7:03  Roach  
  73  7:04  Roach x7  
  68  7:21  Roach x6  
  75  7:29  Roach  
  77  7:38  Roach x4  
  77  7:40  Queen  
  77  7:54  Roach x5  
  81  8:01  Roach  
  81  8:02  Roach x2  
  79  8:06  Roach  
  73  8:13  Roach  
  73  8:17  Roach  
  56  8:21  Roach  
  56  8:26  Roach  
  56  8:28  Queen  
  56  8:30  Roach  
  54  8:40  Roach  
  54  8:41  Roach x3  
  49  8:50  Roach  
  49  8:51  Roach  
  52  8:58  Hydralisk  
  52  8:59  Hydralisk x3, Roach Warren  
  47  9:21  Hydralisk  
  47  9:22  Hydralisk x2  
Show
View Real Time Build Order
Export as new Build Order

HoldTheDoor Protoss - Winner!

Build Orders:  

Get SALT Encoding   

  12  0:00  Probe  
  13  0:12  Probe  
  14  0:20  Pylon  
  14  0:24  Probe  
  15  0:37  Probe  
  16  0:43  Gateway  
  16  0:45  Probe  
  16  0:47  Assimilator  
  17  0:53  Probe  
  18  1:05  Probe  
  19  1:13  Gateway  
  19  1:27  Probe  
  19  1:32  Cybernetics Core  
  20  1:36  Pylon  
  20  1:41  Assimilator  
  20  1:42  Probe  
  21  1:49  Zealot  
  23  1:55  Probe  
  24  2:07  Probe, Adept  
  27  2:19  Probe  
  28  2:31  Sentry  
  30  2:44  Probe  
  31  2:47  Pylon  
  31  2:57  Nexus  
  31  3:00  Twilight Council  
  31  3:05  Adept  
  31  3:10  Robotics Facility  
  33  3:14  Probe  
  33  3:19  Warp Gate  
  34  3:23  Pylon  
  34  3:26  Probe  
  37  3:40  Resonating Glaives  
  35  3:42  Sentry  
  35  3:46  Adept  
  39  3:48  Probe  
  39  3:55  Gateway  
  40  4:00  Probe  
  40  4:01  Warp Prism  
  43  4:10  Probe  
  43  4:13  Probe  
  45  4:22  Probe  
  45  4:23  Pylon  
  46  4:33  Immortal  
  50  4:46  Probe  
  50  4:47  Probe  
  50  4:51  Gateway  
  50  4:52  Gateway  
  52  4:56  Pylon  
  52  4:58  Probe  
  53  5:02  Probe  
  54  5:33  Immortal  
  58  5:51  Gateway  
  58  5:53  Gateway  
  58  5:55  Gateway  
  58  5:58  Gateway  
  58  6:00  Pylon  
  58  6:01  Pylon  
  58  6:02  Sentry  
  58  6:03  Pylon, Adept  
  58  6:04  Adept x3  
  64  6:05  Pylon  
  68  6:18  Pylon  
  68  6:19  Pylon  
  68  6:27  Adept x5  
  78  6:33  Probe  
  78  6:36  Probe  
  78  6:37  Pylon  
  80  6:45  Probe  
  79  6:57  Adept x2  
  79  6:58  Adept x4  
  85  7:14  Adept x3  
  87  7:32  Adept x6  
  99  7:37  Adept x3  
  101  7:53  Adept x3  
  101  7:54  Adept x2  
  105  8:03  Adept x3  
  97  8:14  Adept x3  
  97  8:19  Sentry x2  
  103  8:25  Adept x2  
  87  8:44  Adept x4  
  87  8:45  Adept  
  89  8:58  Adept x2  
  89  8:59  Adept  
  81  9:10  Zealot x4  
  81  9:11  Zealot  
  91  9:21  Zealot x3  
  97  9:40  Adept x4  
  97  9:41  Adept  
Tags
 
Add a new tag
Caveats
  • Supply blocks, unpowered buildings, or Contaminate may cause inaccurate times.
  • Supply counts are checked every 10 seconds.